 Dungeon Crawl Stone Soup version 0.29-a0-338-g1ff7896281 (webtiles) character file.

Game seed: 4681369749056860556

352 dracfodder the Chopper (level 6, -5/56 HPs)
             Began as a Minotaur Abyssal Knight on Apr 17, 2022.
             Was a Priest of Lugonu.
             Slain by an ogre
             ... wielding a +0 giant club
              (23 damage)
             ... on level 4 of the Dungeon.
             The game lasted 00:12:03 (2890 turns).

dracfodder the Chopper (Minotaur Abyssal Knight)    Turns: 2890, Time: 00:12:04

Health: -5/56      AC:  6    Str: 23    XL:     6   Next: 35%
Magic:  6/6        EV: 11    Int:  7    God:    Lugonu [***...]
Gold:   222        SH: 15    Dex: 14    Spells: 5/5 levels left

rFire   . . .      SeeInvis .   p - +0 war axe
rCold   . . .      Faith    .   c - +2 tower shield
rNeg    . . .      Spirit   .   q - +0 scale mail "Iskoc" {Str+4 Dex+3}
rPois   .          Reflect  .   (helmet restricted)
rElec   .          Harm     .   (no cloak)
rCorr   .          Rampage  .   (no gloves)
Will    .....                   (no boots)
Stlth   ..........              (no amulet)
HPRegen 0.18/turn               b - +4 ring of evasion
MPRegen 0.10/turn               g - +4 ring of slaying

@: no status effects
A: horns 2, retaliatory headbutt
a: Renounce Religion, Depart the Abyss, Bend Space, Banish


You were on level 4 of the Dungeon.
You worshipped Lugonu.
Lugonu was most pleased with you.
You visited 1 branch of the dungeon, and saw 4 of its levels.
You visited the Abyss 1 time.

You collected 222 gold pieces.

Inventory:

Hand Weapons
 a - a +1 hand axe
 p - a +0 war axe (weapon)
Missiles
 i - a throwing net
Armour
 c - a +2 tower shield (worn)
 q - the +0 scale mail "Iskoc" (worn) {Str+4 Dex+3}
   (You took it off a hobgoblin on level 3 of the Dungeon)

   Str:       It affects your strength (+4).
   Dex:       It affects your dexterity (+3).
Jewellery
 b - a +4 ring of evasion (left hand)
 e - a +6 ring of intelligence
 g - a +4 ring of slaying (right hand)
 s - a ring of willpower
Scrolls
 d - 9 scrolls of identify {unknown}
 j - a scroll of noise {unknown}
 l - a scroll of teleportation {unknown}
 n - a scroll of brand weapon {unknown}
 r - a scroll of vulnerability {unknown}
 u - a scroll of amnesia {unknown}
 v - a scroll of magic mapping {unknown}
Potions
 f - a potion of mutation {unknown}
 h - 2 potions of might {unknown}
 k - a potion of attraction {unknown}
 m - a potion of cancellation {unknown}
 o - a potion of magic {unknown}
 t - a potion of invisibility {unknown}
 w - a potion of ambrosia {unknown}


   Skills:
 + Level 5.0 Fighting
 + Level 5.3 Axes
 + Level 3.1 Armour
 + Level 2.1 Dodging
 + Level 3.6 Shields
 * Level 1.9 Invocations


You had 5 spell levels left.
You didn't know any spells.
Your spell library contained the following spells:

 Spells                   Type           Power      Damage    Failure   Level
 Summon Small Mammal      Summ           0%         N/A       100%        1
 Call Canine Familiar     Summ           0%         N/A       100%        3
 Summon Guardian Golem    Hex/Summ       0%         N/A       100%        3


Dungeon Overview and Level Annotations

Branches:
Dungeon (4/15)
 Temple: D:4-7

Altars:
Yredelemnul

Annotations:
D:4 2 runed translucent doors


Innate Abilities, Weirdness & Mutations

You have a pair of horns on your head.
You reflexively headbutt those who attack you in melee.


Message History

There is a fountain of clear blue water here.
An iguana comes into view.
The iguana moves out of view.
A dart slug comes into view.
An ogre and an endoplasm come into view.
The ogre shouts!
The endoplasm quivers.
You block the iguana's attack. The dart slug launches a dart at you.
The slug dart hits you.
You hit the iguana.
The iguana is lightly wounded.
You slash the dart slug! You block the iguana's attack.
The dart slug barely misses you. You furiously retaliate!
You headbutt the dart slug!
You kill the dart slug!
Lugonu accepts your kill. The iguana bites you.
The iguana attacks as you move away! You block the iguana's attack.
You hit the iguana.
The iguana is moderately wounded.
The iguana bites you.
You hit the iguana but do no damage.
The iguana is moderately wounded.
You block the iguana's attack. The iguana bites you!
You slash the iguana!
The iguana is severely wounded.
The iguana bites you! You block the iguana's attack.
You hit the iguana.
You kill the iguana!
Lugonu accepts your kill.
You slash the endoplasm!
You kill the endoplasm!
Lugonu accepts your kill. The ogre hits you with a +0 giant club!
You barely miss the ogre. Your headbutt misses the ogre.
You block the ogre's attack.
You barely miss the ogre.
The ogre hits you with a +0 giant club!!
You die...

#.............#.....†...
####..........##........
#.....⌠.....#......##
##..........##...###.
#...........#.###...
##.....^..#####.....
#......###.#......†
##...###...##.....†
#@###......#.....⌠
#O#........##.....
#..O....... #.....
##......... ##....
#.....⌠... #....
##........ ##...
#........ ...##
##....... ### ......#


You could see an ogre.

Vanquished Creatures
  A black bear (D:4)
  A scorpion (D:4)
  Terence (D:2)
  2 iguanas (D:4)
  2 adders
  2 worms
  3 dart slugs
  7 orcs (D:3)
  10 ball pythons
  5 endoplasms
  4 giant cockroaches
  8 goblins
  7 hobgoblins
  2 jackals (D:2)
  4 quokkas
  8 bats
  4 frilled lizards
  6 kobolds
  5 rats
82 creatures vanquished.

Notes
Turn   | Place    | Note
-------+----------+-------------------------------------------
     0 | Abyss:1  | dracfodder the Minotaur Abyssal Knight began the quest for
                  | the Orb.
     0 | Abyss:1  | Reached XP level 1. HP: 19/19 MP: 1/1
    45 | Abyss:1  | Noticed an ancient zyme
    52 | D:1      | Escaped the Abyss
   443 | D:1      | Reached ** piety under Lugonu
   444 | D:1      | Reached XP level 2. HP: 27/27 MP: 2/2
   681 | D:1      | Reached skill level 1 in Shields
  1055 | D:2      | Reached XP level 3. HP: 34/34 MP: 3/3
  1185 | D:2      | Found a faded altar of an unknown god.
  1717 | D:2      | Found a basalt altar of Yredelemnul.
  1815 | D:3      | Noticed Terence
  1825 | D:2      | Killed Terence
  1826 | D:2      | Reached XP level 4. HP: 35/41 MP: 4/4
  1983 | D:3      | Reached *** piety under Lugonu
  2068 | D:3      | Identified the +0 scale mail "Iskoc" {Str+4 Dex+3}
  2352 | D:4      | Reached XP level 5. HP: 47/47 MP: 5/5
  2531 | D:4      | Noticed a black bear
  2535 | D:4      | Killed a black bear
  2536 | D:4      | Reached skill level 5 in Axes
  2536 | D:4      | Reached XP level 6. HP: 43/55 MP: 6/6
  2658 | D:4      | Reached skill level 5 in Fighting
  2706 | D:4      | Found a large runed translucent door.
  2708 | D:4      | Found a large runed translucent door.
  2890 | D:4      | Slain by an ogre

Illustrated notes

Levels and vault maps discovered:
D:1:      lemuel_arrival_muddy, layout_loops_ring
D:2:      layout_rooms, shapermc_ecumenical_altar_starsandcircs, basic_altar
D:3:      layout_rooms, nicolae_elevator_lobby_asterisk, uniq_terence
D:4:      minmay_skewed_foursquare, layout_basic, jmf_multi_god_temple2

Skill      XL: |  1  2  3  4  5  6 |
---------------+-------------------+-----
Fighting       | 4 5 |  5.0
Shields        | 1 2 3 |  3.6
Axes           | 3 4 5 |  5.3
Dodging        | 2 |  2.1
Armour         | 3 |  3.1
Invocations    | |  1.9

Action                   |  1- 3 |  4- 6 || total
-------------------------+-------+-------++-------
Melee: Hand axe          |    78 |       ||    78
       Headbutt          |    13 |     9 ||    22
       War axe           |     9 |    63 ||    72
Invok: Depart the Abyss  |     1 |       ||     1
       Bend Space        |     1 |       ||     1
Armor: Leather armour    |    25 |       ||    25
       Scale mail        |     7 |    10 ||    17
Dodge: Dodged            |    20 |    18 ||    38
Block: Tower shield      |    67 |    49 ||   116

Table legend: (Time is in decaauts)
 A = Elapsed time spent in this place.
 B = Non-inter-level travel time spent in this place.
 C = Inter-level travel time spent in this place.
 D = Time resting spent in this place.
 E = Time spent auto-exploring this place.
 F = Levels seen in this place.
 G = Mean time per level.
                   A        B        C        D        E       F      G
               +--------+--------+--------+--------+--------+-----+--------+
         Total |   2987 |   2917 |     70 |     42 |   2252 |   5 |  597.4 |
       Dungeon |   2935 |   2865 |     70 |     42 |   2208 |   4 |  733.8 |
         Abyss |     52 |     52 |      0 |      0 |     44 |   1 |   52.0 |
               +--------+--------+--------+--------+--------+-----+--------+

Top non-repeatable levels by time:
     D:1: 1004 daAuts
     D:2: 873 daAuts
     D:4: 580 daAuts
     D:3: 477 daAuts
 Abyss:1: 52 daAuts
